AoeStats
← Squid_CARP

Arabia

510444934Analyzed
1v1 RM · 2d ago on Oct 1, 2026· 35m 12s· 2 players
Game mode
Random Map
Map size
Tiny (2 player)
Population
200
Speed
Normal
Resources
Standard
Victory
Conquest
Starting age
Dark Age
Ending age
Imperial Age
RankedLock teamsTeams togetherTeam positionsShared explorationLock speedFull tech treeHidden civsTurbo modeCheats
Victory
Defeat
🇦🇷 Ethiopians · Argentina
1477
+16
🇦🇷 Burmese · Argentina
1472
-16
Squid_CARP
8:11 Loom
11:38 Feudal Age
15:26 Padded Archer Armor
16:43 Horse Collar
17:34 Fletching
18:46 Wheelbarrow
18:52 Man-at-Arms
19:49 Gold Mining
23:38 Castle Age
21:27 Man-at-Arms
22:45 Scale Mail Armor
23:39 Long Swordsman
23:45 Elite Skirmisher
31:15 Chain Mail Armor
31:11 Forging
33:11 Arson
33:31 Squires
34:26 Gambesons
Fernet Bronca
6:01 Loom
9:08 Feudal Age
9:41 Double-Bit Axe
12:11 Fletching
22:38 Castle Age
21:10 Scale Barding Armor
21:38 Gold Mining
22:48 Padded Archer Armor
22:41 Crossbowman
23:37 Bodkin Arrow
23:55 Husbandry
25:08 Wheelbarrow
28:20 Squires
28:46 Bow Saw
31:26 Chain Barding Armor
33:06 Forging
Connection lost

Rejoining the realm…

Still unreachable

The connection could not be restored.

Session expired

The server has moved on; the page needs a fresh start.